[Event "Early-Titled-Tuesday-Blitz-July-09-2024"]
[Site "Chess.com"]
[Date "2024.07.09"]
[Round "6"]
[White "kuzol"]
[Black "edgarhay012"]
[Result "1-0"]
[WhiteElo "2523"]
[BlackElo "2698"]
[TimeControl "180+1"]
[EndTime "9:09:43 PDT"]
[Termination "kuzol won by resignation"]

1. d4 Nf6 2. Nc3 d5 3. Bf4 c5 4. e3 a6 5. Nf3 Nc6 6. Ne5 Bf5 7. a3 e6 8. Bd3 cxd4 9. Nxc6 bxc6 10. exd4 Bxd3 11. Qxd3 c5 12. O-O cxd4 13. Qxd4 Be7 14. Be5 O-O 15. Rfe1 Rc8 16. Rad1 Bc5 17. Qh4 Ne4 18.
Rxe4 dxe4 19. Rxd8 Rfxd8 20. Qg4 Bf8 21. h4 f5 22. Qe2 Rc5 23. Bf4 a5 24. Qa6 Kf7 25. h5 Be7 26. Qa7 h6 27. Be3 Rc6 28. Qxa5 Rd7 29.
Qb5 Rcc7 30. a4 Rb7 31. Qc4 Rxb2 32. Nb5 Rb1+ 33. Kh2 Bf6 34. Nd6+ Ke7 35. Bc5 Be5+ 36. g3 Bxd6 37. Bxd6+ Rxd6 38. Qc7+ Rd7 39. Qc5+ Kf7 40. Qc6 Rbd1 41. a5 R1d6 42. Qb5 Rd2 43. Kh1 Rd1+ 44. Kg2 R7d2 45. a6 e3 46. Qb7+ Kf6 47. a7 Rxf2+ 48. Kh3 Rdd2 49. Qh1 f4 50. a8=Q f3 51. Qaxf3+ Rxf3 52.
Qxf3+ Ke7 53. Qxe3 Rd6 54. Qc5 Kd7 55. Qb5+ Ke7 56. c4 Rd3 57. c5 Rd5 58. Qb7+ Kf6 59. c6 Rxh5+ 60. Kg2 Rb5 61. Qxb5 1-0

[Event "Early-Titled-Tuesday-Blitz-July-09-2024"]
[Site "Chess.com"]
[Date "2024.07.09"]
[Round "6"]
[White "gau248"]
[Black "Radislav_Atanasov"]
[Result "0-1"]
[WhiteElo "2612"]
[BlackElo "2442"]
[TimeControl "180+1"]
[EndTime "9:09:43 PDT"]
[Termination "Radislav_Atanasov won by checkmate"]

1. e4 e5 2. Nf3 Nc6 3. Bb5 a6 4. Ba4 Nf6 5. O-O Nxe4 6. d4 b5 7. Bb3 d5 8. dxe5 Be6 9. Nbd2 Nc5 10. c3 d4 11. Bc2 d3 12. Bb1 Qd5 13. Re1 Rd8 14. b4 Na4 15. c4 Qd7 16. a3 Nc3 17. Qb3 Nxb1 18. Rxb1 Be7 19. Bb2 O-O 20. Qc3 bxc4 21.
Nxc4 Qd5 22. Ne3 Qb5 23. Rbc1 Nxb4 24. Nd4 Rxd4 25. Qxd4 Rd8 26. Qxd8+ Bxd8 27. axb4 d2 28. Red1 dxc1=Q 29. Bxc1 Be7 30. Nc2 h6 31. g3 Bb3 32.
Rd2 Bxb4 33. Nd4 Bxd2 34. Nxb5 Bxc1 35. Nxc7 a5 36. Na6 a4 37. Nc5 Bc2 38. Nxa4 Bxa4 39. f4 Bc6 40. Kf2 Ba3 41. Ke3 Bc5+ 42. Ke2 Bd5 43.
h4 Kf8 44. g4 Ke7 45. g5 hxg5 46. hxg5 g6 47. Kd3 Ke6 48. Ke2 Kf5 49. Kf1 Kxf4 50. e6 Bxe6 51. Ke2 Kxg5 52. Kd3 Kf5 53. Kc3 Bd5 54. Kd3 g5 55. Ke2 Kf4 56. Kf1 f5 57. Ke2 Kg3 58. Kd3 f4 59. Ke2 f3+ 60. Kd3 f2 61.
Kc3 f1=Q 62. Kb2 Kf3 63. Kc3 g4 64. Kd2 g3 65. Kc3 g2 66. Kc2 g1=Q 67. Kc3 Qd1 68. Kb2 Qd2# 0-1

[Event "Early-Titled-Tuesday-Blitz-July-09-2024"]
[Site "Chess.com"]
[Date "2024.07.09"]
[Round "6"]
[White "FerAsensio2024"]
[Black "Chessdude1987"]
[Result "1-0"]
[WhiteElo "2534"]
[BlackElo "2329"]
[TimeControl "180+1"]
[EndTime "9:09:43 PDT"]
[Termination "FerAsensio2024 won on time"]

1. d4 e6 2. Bf4 f5 3. Nc3 Nf6 4. e3 Bb4 5. Ne2 O-O 6. a3 Bd6 7. Bxd6 cxd6 8. g3 d5 9. Bg2 d6 10. Nf4 Kh8 11. h4 Nc6 12. Qe2 Ne4 13. Nxe4 dxe4 14.
O-O-O d5 15. h5 Qg5 16. Rh4 Ne7 17. Rdh1 Kg8 18. Qb5 a6 19. Qc5 Qf6 20. g4 Bd7 21. Qd6 Rfd8 22. g5 Qxg5 23. Nxe6 Qf6 24. Qg3 Bxe6 25.
Rg1 Kh8 26. f3 Rac8 27. c3 Ng8 28. Kd2 Nh6 29. Rf4 Qe7 30. fxe4 fxe4 31. Bh3 Bxh3 32. Qxh3 Rf8 33. Rg2 Rce8 34. Qg3 Rxf4 35. Qxf4 Rf8 36. Qg3 Qf6 37. Kc2 Nf5 38. Qf4 Nxd4+ 39. cxd4 Qxf4 40. exf4 Rxf4 41. Rg5 h6 42. Rxd5 Kh7 43. Re5 e3 44.
Kd3 Rf2 45. Rxe3 Rxb2 46. Ke4 Rh2 47. d5 Rxh5 48. d6 Rh1 49. d7 Rh4+ 50. Ke5 Rh5+ 51. Ke6 Rb5 52. d8=Q Re5+ 53. Kxe5 1-0

[Event "Early-Titled-Tuesday-Blitz-July-09-2024"]
[Site "Chess.com"]
[Date "2024.07.09"]
[Round "6"]
[White "DenLaz"]
[Black "sergoy"]
[Result "1-0"]
[WhiteElo "3155"]
[BlackElo "2949"]
[TimeControl "180+1"]
[EndTime "9:09:44 PDT"]
[Termination "DenLaz won on time"]

1. d4 Nf6 2. c4 e6 3. Nf3 d5 4.
g3 Bb4+ 5. Bd2 Be7 6. Bg2 O-O 7.
O-O c6 8. Qc2 Nbd7 9. Bf4 a5 10.
Rd1 a4 11. Ne5 Qa5 12. Nxd7 Bxd7 13. c5 b6 14. Bc7 Bd8 15. Bd6 Re8 16. Nd2 bxc5 17.
Bxc5 Bb6 18. b4 Qa6 19. e3 Bxc5 20. Qxc5 a3 21. Rab1 Reb8 22. Rb3 Be8 23. Bf1 Qa4 24. Bd3 h6 25. Rc1 Rb7 26. Qc3 Rab8 27. Rcb1 Ra8 28.
Nf3 Nd7 29. Ne1 e5 30. dxe5 c5 31. bxc5 Rxb3 32. Rxb3 Rc8 33. Rxa3 Qd1 34. Bc2 Qg4 35. Nd3 Nf8 36. Nf4 Bc6 37. Qd4 Qd7 38. Rb3 Ra8 39.
Rb2 Ra3 40. Bb3 Ne6 41. Nxe6 fxe6 42. Rd2 Qa7 43. h4 Ra5 44. Rc2 Qb7 45. Kh2 Rb5 46.
Qd1 Rb4 47. Rd2 Re4 48. Rd4 Rxe5 49. Ba4 Rf5 50. Rf4 Bxa4 51. Qxa4 Rxf4 52. Qxf4 Qb2 53. c6 Qxa2 54. c7 Qc2 55. Kg2 Kh7 56. h5 Qc6 57. Kh2 Qc2 58. Qf7 e5 59. Qg6+ 1-0

[Event "Early-Titled-Tuesday-Blitz-July-09-2024"]
[Site "Chess.com"]
[Date "2024.07.09"]
[Round "6"]
[White "BardArtem"]
[Black "AlbusSevresPotter"]
[Result "1-0"]
[WhiteElo "2820"]
[BlackElo "2607"]
[TimeControl "180+1"]
[EndTime "9:09:44 PDT"]
[Termination "BardArtem won on time"]

1. e4 c5 2. Nf3 d6 3. Nc3 e5 4. Bc4 Be6 5. d3 Nc6 6. Ng5 Bxc4 7. dxc4 Be7 8. Qh5 g6 9. Qg4 Nd4 10. Kd1 h5 11. Qg3 h4 12. Qe3 Nf6 13. h3 Qd7 14. Nf3 O-O-O 15. Qd3 Ne8 16. Nd5 Nc7 17. Nxc7 Qxc7 18.
c3 Ne6 19. Kc2 Rhf8 20. Bh6 Rh8 21. Be3 Qc6 22. Rhd1 Rdf8 23. b4 f5 24. b5 fxe4 25. Qf1 Qc7 26. Nd2 Qa5 27. Nxe4 Qa4+ 28. Kb2 Kc7 29. Qd3 Nf4 30. Bxf4 Rxf4 31. f3 Rhf8 32.
Nd2 a6 33. Qc2 Qa5 34. a4 Kb8 35. Ne4 Qc7 36. Rd5 Ka7 37. a5 Kb8 38. b6 Qc6 39. Rad1 Rd8 40. Qd3 Qa4 41. Ra1 Qc6 42. Nxc5 dxc5 43.
Rxd8+ Bxd8 44. Qxd8+ Qc8 45. Rd1 Rxc4 46. Qd6+ Ka8 47.
Qe7 Rd4 48. cxd4 cxd4 49. Rc1 Qg8 50. Qc7 1-0

[Event "Early-Titled-Tuesday-Blitz-July-09-2024"]
[Site "Chess.com"]
[Date "2024.07.09"]
[Round "6"]
[White "rionelG"]
[Black "subham777"]
[Result "1-0"]
[WhiteElo "2433"]
[BlackElo "2527"]
[TimeControl "180+1"]
[EndTime "9:09:45 PDT"]
[Termination "rionelG won on time"]

1. e4 e6 2. d3 c5 3. g3 Nc6 4.
Bg2 d6 5. Ne2 g6 6. O-O Bg7 7. c3 Nge7 8. d4 cxd4 9. cxd4 O-O 10. Nbc3 a6 11. Be3 b5 12. f4 Bb7 13. Rc1 Rc8 14.
Qd2 d5 15. e5 Nf5 16. Bf2 h5 17. h3 Na5 18. b3 Nh6 19. Nd1 Rxc1 20. Nxc1 Nc6 21. Nd3 Ne7 22. Nc5 Bc8 23. Nb2 Nef5 24. Nbd3 f6 25. Rc1 g5 26. Re1 fxe5 27. dxe5 gxf4 28.
Nxf4 Qe8 29. Qe2 Kh7 30. Qxh5 Qxh5 31. Nxh5 Rg8 32. Nf6+ Bxf6 33. exf6 Nxg3 34. f7 Nxf7 35. Nxe6 Bxe6 36. Rxe6 Nf5 37. Kh2 Ng5 38. Re5 Nh6 39. Bxd5 Nhf7 40. Rf5 Kg6 41. Rf4 Rd8 42. Bxf7+ Nxf7 43. h4 Rd2 44. a4 bxa4 45. bxa4 Ra2 46. Kg2 Nh6 47. Kf3 Nf5 48. Rb4 Ng7 49. Rb6+ Kh5 50.
Rxa6 Nf5 51. Ra5 Kg6 52. Kg4 Ng7 53. Bd4 1-0

[Event "Early-Titled-Tuesday-Blitz-July-09-2024"]
[Site "Chess.com"]
[Date "2024.07.09"]
[Round "6"]
[White "carloseduar100"]
[Black "HelenaWalker2912"]
[Result "1/2-1/2"]
[WhiteElo "2260"]
[BlackElo "2490"]
[TimeControl "180+1"]
[EndTime "9:09:45 PDT"]
[Termination "Game drawn - insufficient material"]

1. d4 d5 2. c3 Nf6 3. Bg5 Ne4 4.
h4 c5 5. e3 Nc6 6. Nd2 Bf5 7.
Ngf3 e6 8. Bb5 Qb6 9. Qa4 a6 10. Bxc6+ Qxc6 11. Qxc6+ bxc6 12. Nxe4 Bxe4 13. Bf4 cxd4 14.
cxd4 Bb4+ 15. Ke2 f6 16. a3 Be7 17. Rhc1 Kd7 18. b4 a5 19. b5 cxb5 20. Rc7+ Kd8 21. Rb7 Rc8 22. Rxb5 Ke8 23. Rxa5 Rc2+ 24. Nd2 Kf7 25.
f3 Bg6 26. Ra7 Rd8 27. a4 Kf8 28. Rxe7 Kxe7 29. a5 Ra8 30. g4 Be8 31. Kd3 Rb2 32.
e4 Rb4 33. Kc3 Ra4 34. Rxa4 Bxa4 35. Kb4 Bc2 36. exd5 exd5 37. Bc7 Kd7 38. Bb6 Kc6 39.
f4 Re8 40. g5 Re2 41. Kc3 Bf5 42. h5 Rf2 43. h6 gxh6 44. gxh6 Rxf4 45. Bd8 Bc8 46. Nb3 Rf3+ 47. Kb4 f5 48. Nc5 f4 49.
a6 Bxa6 50. Nxa6 Rf1 51. Kc3 f3 52. Kd2 Kb5 53. Nc7+ Kc4 54. Bf6 Rh1 55. Ke3 Rxh6 56. Be5 Rh3 57. Ne6 h5 58. Nf4 Rh1 59. Kxf3 Kc3 60. Nxd5+ Kd2 61. Nf4 Rf1+ 62. Kg3 Re1 63. Kh4 Kc3 64. Kxh5 Kc4 65. Kg5 Rd1 66. Ne2 Rd2 67.
Nf4 Rxd4 68. Ng6 Rd1 69. Kf6 Rf1+ 70. Bf4 Rxf4+ 71. Nxf4 1/2-1/2

[Event "Early-Titled-Tuesday-Blitz-July-09-2024"]
[Site "Chess.com"]
[Date "2024.07.09"]
[Round "6"]
[White "KubaGepard"]
[Black "coalescenet"]
[Result "0-1"]
[WhiteElo "2633"]
[BlackElo "2384"]
[TimeControl "180+1"]
[EndTime "9:09:46 PDT"]
[Termination "coalescenet won by checkmate"]

1. e4 c6 2. d4 d5 3. Nd2 dxe4 4.
Nxe4 Bf5 5. Ng3 Bg6 6. N1e2 e6 7. Nf4 Bd6 8. h4 Qc7 9. Ngh5 Kf8 10. c3 Nd7 11. Qf3 Ngf6 12. Nxf6 Nxf6 13. Nxg6+ hxg6 14.
Bd3 Re8 15. Bg5 e5 16. dxe5 Rxe5+ 17. Kf1 Rxg5 18. Rd1 Re5 19. g3 Ke7 20. Kg2 Re8 21.
Bc4 Kf8 22. Rd4 Re1 23. Rxe1 Rxe1 24. Qd3 Be7 25. a4 c5 26. Rf4 Bd6 27. Rf3 Re7 28. Qd2 Qc6 29. b3 a6 30. Qd3 Bc7 31. Kf1 Ng4 32. Bd5 Qd6 33. Rf4 Ne5 34. Qd1 Qd7 35. c4 Qh3+ 36. Kg1 Nd3 37. Re4 Rxe4 38. Bxe4 Nxf2 39. Kxf2 Bxg3+ 40. Ke2 Bxh4 41. Qd6+ Kg8 42. Qb8+ Kh7 43. Qxb7 Qe6 44. Kd3 f5 45. Bd5 Qe5 46.
Qc8 Qd4+ 47. Ke2 Qe5+ 48. Kd3 Kh6 49. Qh8+ Kg5 50. Qd8+ Kg4 51. Qf8 Qd4+ 52. Ke2 Bg5 53. Bf3+ Kg3 54. Qb8+ Bf4 55. Qb7 Qd2+ 56. Kf1 Qf2# 0-1

[Event "Early-Titled-Tuesday-Blitz-July-09-2024"]
[Site "Chess.com"]
[Date "2024.07.09"]
[Round "6"]
[White "Sasha_Solovev_777"]
[Black "EpicWarrior2015"]
[Result "1-0"]
[WhiteElo "2311"]
[BlackElo "2414"]
[TimeControl "180+1"]
[EndTime "9:09:46 PDT"]
[Termination "Sasha_Solovev_777 won on time"]

1. e4 c5 2. Nf3 Nf6 3. e5 Nd5 4. Nc3 Nxc3 5. bxc3 Nc6 6. d4 cxd4 7. cxd4 e6 8. Bd3 d5 9. O-O Be7 10. a4 b6 11. Ba3 Bb7 12. h4 Rc8 13. h5 h6 14.
Bb5 O-O 15. Bc1 Na5 16. Bd3 Nc4 17. Rb1 Qd7 18. Bf4 Qxa4 19. Qc1 Ba3 20. Qe1 Qc6 21. Rb3 Be7 22. Qc1 Na5 23. Rb1 Qc3 24. Bxh6 Qxd3 25. cxd3 Rxc1 26. Bxc1 Ba6 27. Rd1 Nc6 28. Be3 Rc8 29. Rbc1 Kf8 30. h6 gxh6 31. Bxh6+ Ke8 32.
g3 Kd7 33. Be3 Rg8 34. Kg2 Nb4 35. Ne1 Bb5 36. Ra1 a5 37. Bd2 Nc6 38. Bc3 Bb4 39.
Bxb4 Nxb4 40. Rab1 Ba4 41. Rd2 Rc8 42. f4 Bb5 43. g4 Ba6 44. f5 Rb8 45. f6 Nc6 46. Nf3 b5 47. g5 b4 48. g6 fxg6 49. Rh1 b3 50. Rh7+ Kc8 51. f7 Kb7 52. f8=Q+ Kb6 53. Qa3 1-0

[Event "Early-Titled-Tuesday-Blitz-July-09-2024"]
[Site "Chess.com"]
[Date "2024.07.09"]
[Round "6"]
[White "MatthewG-p4p"]
[Black "BeanScreen"]
[Result "1/2-1/2"]
[WhiteElo "2910"]
[BlackElo "2683"]
[TimeControl "180+1"]
[EndTime "9:09:47 PDT"]
[Termination "Game drawn - insufficient material"]

1. f4 d5 2. Nf3 Nf6 3. g3 g6 4. Bg2 Bg7 5. O-O O-O 6. d3 c5 7. Nc3 d4 8. Na4 Nfd7 9. c4 Nc6 10. a3 Qc7 11. Rb1 a5 12. e4 dxe3 13. Bxe3 b6 14. Nc3 Bb7 15. Qe2 e6 16. Nb5 Qb8 17. Rbd1 Ne7 18. Bf2 Nf5 19. Rfe1 Bc6 20. Ng5 Bxg2 21.
Kxg2 Qb7+ 22. Qe4 Rab8 23. g4 Ne7 24. Qxb7 Rxb7 25. d4 cxd4 26. Bxd4 Bxd4 27. Rxd4 Nc5 28. Nf3 Rd7 29. Red1 Rfd8 30. Kf2 Rxd4 31. Rxd4 Rxd4 32.
Nfxd4 Nd3+ 33. Ke3 Nxb2 34. Nd6 h5 35. h3 hxg4 36.
hxg4 Na4 37. Nb3 Nc6 38. Nc8 Kf8 39. Ke4 Ke8 40. Nd6+ Ke7 41. Nb5 f5+ 42. gxf5 gxf5+ 43. Ke3 e5 44. fxe5 Nxe5 45. Kf4 Nxc4 46. Kxf5 Kd7 47. Ke4 Kc6 48. N5d4+ Kd6 49. Nb5+ Kc6 50. N5d4+ Kb7 51. Nc2 Ka6 52. Kd5 Ncb2 53. Kd4 Nc5 54. Nxc5+ bxc5+ 55. Kxc5 a4 56. Nb4+ Ka5 57. Kd4 Kb5 58. Nd5 Ka5 59. Nc3 Ka6 60. Ke3 Nc4+ 61. Kd4 Nxa3 62.
Nxa4 1/2-1/2

[Event "Early-Titled-Tuesday-Blitz-July-09-2024"]
[Site "Chess.com"]
[Date "2024.07.09"]
[Round "6"]
[White "CrimeFightingSpider07"]
[Black "temus_galaktionov"]
[Result "0-1"]
[WhiteElo "2609"]
[BlackElo "2848"]
[TimeControl "180+1"]
[EndTime "9:09:47 PDT"]
[Termination "temus_galaktionov won by resignation"]

1. Nf3 c6 2. b3 d6 3. Bb2 Nf6 4. d4 g6 5. g3 Bg7 6. Bg2 O-O 7. O-O Nbd7 8. c4 Re8 9. Nc3 e5 10. e4 a5 11. Re1 exd4 12. Nxd4 Nc5 13. Qd2 Qb6 14.
Nc2 Ng4 15. Na4 Nxa4 16. Bxg7 Kxg7 17. bxa4 Qc5 18. Ne3 Nxe3 19. Rxe3 Be6 20. Rd3 Qxc4 21. Rxd6 Qb4 22. a3 Qxd2 23. Rxd2 Re7 24. Rb1 Rc8 25.
Rb6 Rcc7 26. Rbb2 Red7 27. Rxd7 Rxd7 28. f4 Kf8 29. e5 Ke7 30. Kf2 Kd8 31. Ke3 Kc7 32.
Bf3 Bc4 33. Be4 Rd1 34. g4 Ra1 35. Kd4 Be6 36. f5 Bd7 37. e6 fxe6 38. f6 Be8 39.
Ke5 Bf7 40. Rb3 Ra2 41. Rh3 h5 42. gxh5 gxh5 43. Rg3 Kd8 44. Rg7 Ke8 45. Bg6 Bxg6 46. Rxg6 Re2+ 47. Kd6 Kf7 48. Rg7+ Kxf6 49. Rxb7 Re4 50.
Kxc6 Rxa4 51. Rb3 Rd4 52. Rf3+ Kg5 53. Re3 Kf5 54. Rh3 h4 55. Kb5 a4 56. Rf3+ Kg4 57. Re3 Kf5 58. Rf3+ Ke4 59. Rh3 Kd5 60. Rc3 e5 61.
Rc5+ Ke6 62. Rc6+ Kf5 63. Rh6 Kg5 64. Re6 Kf4 65. Rh6 Kf3 66. Rf6+ Rf4 67. Re6 e4 68. Kxa4 e3+ 69. Kb3 e2 70. Kc2 Kf2 71. Kd2 Rd4+ 72. Kc3 Rd1 73. Rf6+ Kg2 74. Re6 e1=Q+ 75. Rxe1 Rxe1 0-1

[Event "Early-Titled-Tuesday-Blitz-July-09-2024"]
[Site "Chess.com"]
[Date "2024.07.09"]
[Round "6"]
[White "zsizsi99"]
[Black "ural58"]
[Result "1/2-1/2"]
[WhiteElo "2535"]
[BlackElo "2422"]
[TimeControl "180+1"]
[EndTime "9:09:47 PDT"]
[Termination "Game drawn - insufficient material"]

1. e4 d5 2. exd5 Qxd5 3. Nc3 Qa5 4. d4 Nf6 5. Nf3 Nc6 6. Bc4 Bg4 7. h3 Qh5 8. O-O Bxf3 9. Qxf3 Qxf3 10. gxf3 Nxd4 11. Be3 Nxf3+ 12. Kg2 Nh4+ 13. Kh1 e6 14. Nb5 Bd6 15. Rad1 O-O 16. Nxa7 Nf5 17. Nb5 Nxe3 18. fxe3 Be5 19. c3 Nd5 20. Bxd5 exd5 21. Rxd5 Rfe8 22. Rd7 Rxa2 23.
Nxc7 Bxc7 24. Rxc7 Rxb2 25. Rfxf7 Rxe3 26. Rxg7+ Kf8 27.
Rgf7+ Ke8 28. Rg7 Kf8 29. Rgf7+ Ke8 30. Kg1 Rg3+ 31. Kf1 Rxh3 32. Rfe7+ Kf8 33. Rf7+ Kg8 34. Rg7+ Kh8 35. Rg1 Rf3+ 36. Ke1 Rf8 37. Rgg7 Rh2 38. Rxb7 Re8+ 39. Kd1 Rd8+ 40. Kc1 Rf8 41. Rgf7 Rxf7 42. Rxf7 Kg8 43. Rf1 h5 44. c4 Rh4 45. Kd2 Rxc4 46.
Rh1 Rc5 47. Ke3 Kg7 48. Kf4 Kh6 49. Kg3 Kg5 50. Kh2 Rc2+ 51. Kh3 Rc3+ 52. Kh2 Kh4 53. Rg1 Rc2+ 54. Rg2 Rxg2+ 55. Kxg2 Kg4 56. Kh2 h4 57. Kh1 h3 58. Kh2 Kg5 59. Kh1 h2 60. Kxh2 1/2-1/2

[Event "Early-Titled-Tuesday-Blitz-July-09-2024"]
[Site "Chess.com"]
[Date "2024.07.09"]
[Round "6"]
[White "Feegus"]
[Black "andy07670"]
[Result "1-0"]
[WhiteElo "2620"]
[BlackElo "2412"]
[TimeControl "180+1"]
[EndTime "9:09:48 PDT"]
[Termination "Feegus won by resignation"]

1. d4 Nf6 2. c4 e6 3. Nf3 b6 4.
g3 Bb7 5. Bg2 Be7 6. O-O O-O 7.
Nc3 Ne4 8. Nxe4 Bxe4 9. Ne1 Bxg2 10. Nxg2 f5 11. b3 d6 12. Bb2 Bf6 13. Rc1 Qe7 14. Qd2 Nd7 15. Rfd1 Rae8 16. Nf4 Bg5 17. e3 a5 18. d5 Bxf4 19. exf4 e5 20. fxe5 Nxe5 21. Bxe5 Qxe5 22. Re1 Qf6 23. f4 h6 24. Kg2 Re4 25. Rxe4 fxe4 26. Re1 Re8 27. Re3 Qa1 28. Qe2 Qd4 29.
g4 a4 30. Kg3 axb3 31. axb3 Re7 32. h4 Kf8 33. h5 Kg8 34. Qe1 Kf8 35. Qc3 Qxc3 36.
Rxc3 Kf7 37. Kf2 Kf6 38. Ke3 g6 39. hxg6 Kxg6 40. Rc2 h5 41. gxh5+ Kxh5 42. Rg2 Kh6 43. Rg5 Kh7 44. b4 Kh6 45. Rg3 Re8 46. Kd4 Re7 47.
Re3 Kg6 48. Rxe4 Rh7 49. c5 bxc5+ 50. bxc5 dxc5+ 51. Kxc5 Kf5 52. Rc4 Rh6 53. Kd4 Kxf4 54. Rxc7 Rf6 55. Re7 Kf5 56. Kc5 Rh6 57. d6 Rh1 58. Kc6 Rc1+ 59. Kd7 Kf6 60. Re4 Rd1 61. Kc7 Kf7 62. d7 Rc1+ 63. Kd6 Rd1+ 64. Kc7 Rc1+ 65.
Kd8 Rc2 66. Rf4+ Ke6 67. Ke8 Rh2 68. d8=Q Rh8+ 69. Rf8 1-0

[Event "Early-Titled-Tuesday-Blitz-July-09-2024"]
[Site "Chess.com"]
[Date "2024.07.09"]
[Round "6"]
[White "lu1860"]
[Black "familijatop71"]
[Result "1-0"]
[WhiteElo "2057"]
[BlackElo "2301"]
[TimeControl "180+1"]
[EndTime "9:09:48 PDT"]
[Termination "lu1860 won on time"]

1. d4 d5 2. c4 e6 3. Nf3 Nf6 4. g3 Be7 5. Bg2 O-O 6. O-O dxc4 7.
Qc2 a6 8. a4 Bd7 9. Qxc4 Bc6 10. Bf4 Bd6 11. Bg5 Nbd7 12. Nc3 h6 13. Bxf6 Nxf6 14. Qd3 Bxf3 15. Bxf3 c6 16. Rfd1 a5 17. e4 Bb4 18. Qc4 Qe7 19. Rac1 Rfd8 20. Na2 h5 21. Nxb4 axb4 22. b3 h4 23. Qc5 Qxc5 24. Rxc5 hxg3 25. hxg3 Nd7 26. Rc4 c5 27. Kg2 b6 28. dxc5 bxc5 29. Rc2 Kf8 30. Be2 Ke7 31. Bb5 Rac8 32. Rdc1 Rc7 33. Bxd7 Rdxd7 34. Rxc5 Rxc5 35. Rxc5 Rd3 36. a5 Rxb3 37. a6 Ra3 38. Rc7+ Kf6 39. a7 b3 40.
Rb7 b2 41. f4 Ra2 42. Kh3 Rxa7 43. e5+ Kf5 44. Rxb2 f6 45. Rb5 Kg6 46. Kg4 f5+ 47.
Kh3 Kh5 48. Rb8 Ra1 49. Rh8+ Kg6 50. Re8 Ra6 51. Rd8 Kf7 52. Rb8 Ra1 53. Kh4 Kg6 54. Kh3 Rh1+ 55. Kg2 Ra1 56. Rb6 Kf7 57. Kf3 Ra3+ 58.
Kg2 1-0

[Event "Early-Titled-Tuesday-Blitz-July-09-2024"]
[Site "Chess.com"]
[Date "2024.07.09"]
[Round "6"]
[White "AmbartsumianTyhran2012"]
[Black "InitiatingASC"]
[Result "1-0"]
[WhiteElo "2558"]
[BlackElo "2422"]
[TimeControl "180+1"]
[EndTime "9:09:50 PDT"]
[Termination "AmbartsumianTyhran2012 won on time"]

1. e4 e5 2. Nf3 Nf6 3. Nc3 Nc6 4. d4 exd4 5. Nxd4 Bc5 6. Nb3 Bb4 7. Bd3 Ne5 8. O-O Nxd3 9. Qxd3 O-O 10. Bg5 Be7 11. e5 Ne8 12. Bxe7 Qxe7 13. Rfe1 d6 14. Nd5 Qg5 15. f4 Qd8 16. Rad1 Be6 17. c4 dxe5 18. fxe5 c6 19. Nf6+ Nxf6 20. Qxd8 Raxd8 21. Rxd8 Rxd8 22.
exf6 Bxc4 23. Na5 Ba6 24. fxg7 Rd7 25. Nb3 Bc4 26. Nc5 Rc7 27. b3 Bd5 28. Re8+ Kxg7 29. Kf2 b6 30. Nd3 a5 31. Nf4 Rd7 32. g3 a4 33. bxa4 Bxa2 34. Rb8 Rd2+ 35. Ke3 Rb2 36. a5 Rb3+ 37. Kd4 bxa5 38. Ra8 Rb5 39. h4 Bd5 40. Nd3 Kf6 41. Nf4 Kf5 42. Rh8 Kg4 43. Rxh7 Kxg3 44. Nd3 a4 45. h5 Rb8 46. Rg7+ Kh4 47. h6 Kh5 48. h7 Rh8 49. Rg8 Rxh7 50. Ra8 Rg7 51. Ke5 Rg5+ 52. Kf6 Rg6+ 53. Kf5 Be6+ 54. Ke5 Rg5+ 55. Kf6 Rg6+ 56. Ke5 Rg4 57. Nf4+ Kh4 58.
Rxa4 1-0

[Event "Early-Titled-Tuesday-Blitz-July-09-2024"]
[Site "Chess.com"]
[Date "2024.07.09"]
[Round "6"]
[White "Cherepov_Alexej"]
[Black "Statham_01"]
[Result "0-1"]
[WhiteElo "2435"]
[BlackElo "2658"]
[TimeControl "180+1"]
[EndTime "9:09:51 PDT"]
[Termination "Statham_01 won on time"]

1. d4 d5 2. c4 Nc6 3. Nc3 dxc4 4.
d5 Na5 5. e4 e6 6. Nf3 Nf6 7. Bg5 Be7 8. Qa4+ c6 9. b4 cxb3 10.
axb3 b5 11. Nxb5 cxb5 12. Bxb5+ Kf8 13. O-O exd5 14. e5 Ng8 15. Bxe7+ Nxe7 16. Qxa5 Qxa5 17. Rxa5 Bg4 18. Nd4 g6 19. Rfa1 Nc8 20. f3 Be6 21. Nxe6+ fxe6 22. Bd7 Kg7 23. Bxe6 d4 24. Bxc8 Raxc8 25. Rxa7+ Kh6 26. Rd7 Rc5 27. f4 Rf8 28. g3 Rc3 29. Rxd4 Kh5 30. Kg2 Rxb3 31. Ra7 h6 32. Rh7 Rc8 33. Rd2 Rcc3 34. Re2 Rd3 35. e6 Re3 36.
Rxe3 Rxe3 37. e7 Kg4 38. Rxh6 Re2+ 39. Kf1 Rxe7 40. Rxg6+ Kf3 41. Rc6 Re3 42. Rc2 Ra3 43. Rf2+ Ke3 44. Kg2 Ra7 45. f5 Ra2 46. Rb2 Rxb2+ 47.
Kh3 Ke4 48. g4 Kf4 49. f6 Kg5 50. f7 Rb3+ 51. Kg2 Rb8 52. Kg3 Rf8 53. h4+ Kf6 54.
g5+ Kxf7 55. Kg4 Rd8 0-1

[Event "Early-Titled-Tuesday-Blitz-July-09-2024"]
[Site "Chess.com"]
[Date "2024.07.09"]
[Round "6"]
[White "jumpingknight20"]
[Black "Shield12"]
[Result "1/2-1/2"]
[WhiteElo "2790"]
[BlackElo "2977"]
[TimeControl "180+1"]
[EndTime "9:09:52 PDT"]
[Termination "Game drawn by repetition"]

1. e4 c5 2. c3 Nf6 3. e5 Nd5 4. d4 cxd4 5. cxd4 d6 6. Nf3 Nc6 7. Bc4 dxe5 8. dxe5 Be6 9. O-O g6 10.
Qe2 Bg7 11. Rd1 O-O 12. a3 Qa5 13. Bd2 Qc7 14. Nc3 Rad8 15. h3 Nxe5 16. Bxd5 Bxd5 17. Nxe5 Bxe5 18. Bh6 Bb3 19. Rxd8 Rxd8 20. Nb5 Bc4 21. Nxc7 Bxe2 22. Rc1 Bxb2 23. Rc2 Rd1+ 24. Kh2 Be5+ 25.
f4 Bd3 26. Rc5 Bd6 27. Rc3 f6 28. Ne8 Bf5 29. Nxd6 Rxd6 30. Rc7 Rd7 31. Rc8+ Kf7 32.
Rh8 g5 33. fxg5 fxg5 34. Bxg5 Rd3 35. Rb8 Be4 36. a4 Ra3 37. Rc8 Ra2 38. Kg3 Rxg2+ 39.
Kf4 Bc6 40. Rc7 Re2 41. a5 Re4+ 42. Kf5 Bd5 43. Bh6 Re6 44. Bg5 Bc6 45. Bh4 Re4 46.
Bg5 Re1 47. a6 Rf1+ 48. Ke5 Bg2 49. axb7 Re1+ 50. Kf4 Rb1 51. Rxe7+ Kg6 52. Re6+ Kg7 53. Re7+ Kg6 54. Re6+ Kf7 55. Re7+ Kg6 1/2-1/2

[Event "Early-Titled-Tuesday-Blitz-July-09-2024"]
[Site "Chess.com"]
[Date "2024.07.09"]
[Round "6"]
[White "Byniolus"]
[Black "FGHSMN"]
[Result "0-1"]
[WhiteElo "2792"]
[BlackElo "2997"]
[TimeControl "180+1"]
[EndTime "9:09:54 PDT"]
[Termination "FGHSMN won by resignation"]

1. d4 Nf6 2. Nf3 b6 3. Bf4 Bb7 4. e3 g6 5. h3 Bg7 6. Be2 O-O 7.
O-O d6 8. a4 a6 9. c3 c5 10.
Nbd2 Nbd7 11. Bh2 Qc7 12. Bd3 Rfe8 13. Qe2 e5 14. dxe5 dxe5 15. e4 Nh5 16. Rfd1 Nf4 17. Qf1 Bc6 18. Bxa6 Nf6 19. Bb5 Bxb5 20. axb5 Rad8 21.
Bxf4 exf4 22. e5 Nd7 23. Nc4 Nxe5 24. Nfxe5 Bxe5 25. Ra6 f3 26. gxf3 Bf6 27. Rxb6 Qf4 28. Rbd6 Rxd6 29. Rxd6 Qxf3 30. b6 Bg5 31. Rd3 Qc6 32.
b7 Bf4 33. Na5 Qb6 34. Qa1 Bc7 35. Rf3 Qxa5 36. Qxa5 Bxa5 37. Rf6 Rb8 38. Ra6 Bc7 39. Ra8 Kg7 40. Rxb8 Bxb8 41. Kg2 Kf6 42. Kf3 Ke5 43. Ke3 Kd5 44. b3 Kc6 45. Ke4 c4 46. b4 Kxb7 47. Kd5 Kb6 48. Kxc4 Be5 49. Kb3 Kc6 50. c4 Bd4 51. f3 f5 52. Ka4 g5 53.
Ka5 h5 54. b5+ Kc7 55. Kb4 g4 56. fxg4 fxg4 57. hxg4 hxg4 58. c5 g3 59. b6+ Kc6 60. b7 Kxb7 0-1

[Event "Early-Titled-Tuesday-Blitz-July-09-2024"]
[Site "Chess.com"]
[Date "2024.07.09"]
[Round "6"]
[White "Resourchess"]
[Black "Cxrjs"]
[Result "0-1"]
[WhiteElo "2374"]
[BlackElo "2519"]
[TimeControl "180+1"]
[EndTime "9:09:54 PDT"]
[Termination "Cxrjs won by resignation"]

1. d4 Nf6 2. c4 g6 3. f3 Bg7 4. e4 d6 5. Nc3 O-O 6. Be3 Nc6 7. Nge2 a6 8. Rc1 Rb8 9. g3 Bd7 10. Bg2 b5 11. cxb5 axb5 12. O-O b4 13. Nb1 Qc8 14.
Qc2 Qa6 15. a3 bxa3 16. Nxa3 Nb4 17. Qc4 Qxc4 18. Rxc4 Nd3 19. Rxc7 Rxb2 20. Nf4 Nxf4 21. Bxf4 Rd8 22. Rfc1 h6 23. Nc4 Rb3 24. Na5 Rb2 25. Bf1 Ne8 26. Nc4 Bxd4+ 27. Kh1 Rbb8 28. Rxd7 Rxd7 29.
e5 g5 30. Bd2 dxe5 31. Na5 Rb2 32. Be1 Rd8 33. Nc6 Ra8 34. Nxe7+ Kf8 35. Nd5 Rba2 36. Bb4+ Kg7 37. Bd3 Ra1 38. Rxa1 Rxa1+ 39. Kg2 Rg1+ 40. Kh3 Nf6 41. Ne7 Rh1 42. Nf5+ Kh8 43. Be7 e4 44. Bxe4 Nxe4 45. fxe4 Bg1 46. Bf6+ Kg8 47. Nxh6+ Kh7 48. Ng4 Kg6 49. Kg2 Rxh2+ 50. Nxh2 Bxh2 51. Kxh2 Kxf6 52. Kh3 Ke5 53. Kg4 f6 54. Kf3 Ke6 55. Ke3 Ke5 56. Kf3 Kd4 57. g4 Kd3 58. e5 fxe5 59. Kf2 e4 60. Ke1 e3 61. Kf1 Ke4 62. Ke2 Kf4 63. Kd3 Kf3 0-1